 Dungeon Crawl Stone Soup version 0.32-a0-886-g41c5271027 (webtiles) character file.

Game seed: 4547172856337912555

5438 Biggs the Skirmisher (level 10, -4/74 HPs)
             Began as a Coglin Hunter on Apr 2, 2024.
             Was a High Priest of Okawaru.
             Slain by Harold
             ... wielding a +0 flail
              (18 damage)
             ... on level 9 of the Dungeon.
             The game lasted 00:12:05 (8247 turns).

Biggs the Skirmisher (Coglin Hunter)                Turns: 8247, Time: 00:12:05

Health: -4/74      AC:  8    Str: 13    XL:     10   Next: 68%
Magic:  10/10      EV: 14    Int:  8    God:    Okawaru [*****.]
Gold:   472        SH:  0    Dex: 21    Spells: 9/9 levels left

rFire   . . .        a - +2 sling {Lan}
rCold   . . .        d - +0 sling {Yamquzzuhalamma}
rNeg    . . .        E - +0 acid dragon scales
rPois   .            p - +0 helmet
rElec   .            (no cloak)
rCorr   +            (no gloves)
SInv    .            l - +0 pair of boots
Will    .....        (amulet unavailable)
Stlth   ++           (ring unavailable)
HPRegen 0.32/turn    (ring unavailable)
MPRegen 0.12/turn    (no gizmo)

%: no passive effects
@: about to teleport, spiked, revved
A: off-hand wielding, slow wielding, warmup strikes, no jewellery
a: Invent Gizmo, Renounce Religion, Heroism, Finesse, Duel


You were on level 9 of the Dungeon.
You worshipped Okawaru.
Okawaru was extremely pleased with you.
You visited 2 branches of the dungeon, and saw 10 of its levels.

You collected 472 gold pieces.

Inventory:

Hand Weapons
 a - a +2 sling (weapon) {Lan}
 d - a +0 sling (offhand) {Yamquzzuhalamma}
Missiles
 r - 4 throwing nets
Armour
 c - a +0 leather armour
 l - a +0 pair of boots (worn)
 p - a +0 helmet (worn)
 E - +0 acid dragon scales (worn)
Wands
 o - a wand of paralysis (13)
 z - a wand of flame (17)
 B - a wand of mindburst (20)
Scrolls
 b - a scroll of butterflies
 e - 3 scrolls of vulnerability
 g - 2 scrolls of fog
 h - a scroll of enchant weapon
 i - a scroll of enchant armour
 k - 5 scrolls of teleportation
 t - 4 scrolls of poison
 x - a scroll of amnesia
 y - 2 scrolls of blinking
 A - a scroll of fear
 C - a scroll of noise
 F - a scroll of immolation {unknown}
Potions
 f - a potion of berserk rage {unknown}
 j - 4 potions of heal wounds
 m - 2 potions of might {unknown}
 n - 5 potions of enlightenment
 q - 4 potions of curing {unknown}
 s - a potion of ambrosia {unknown}
 u - a potion of attraction {unknown}
 v - a potion of magic {unknown}
 w - 2 potions of resistance {unknown}
 D - a potion of mutation {unknown}


   Skills:
 - Level 5.0 Fighting
 + Level 12.4 Ranged Weapons
 - Level 5.7 Dodging
 - Level 0.7 Stealth
 - Level 5.0 Evocations


You had 9 spell levels left.
You didn't know any spells.
Your spell library contained the following spells:

 Spells                   Type           Power      Damage    Failure   Level
 Necrotise                Necr           0%         1d4       54%         1
 Blink                    Tloc           0%         N/A       67%         2
 Lesser Beckoning         Tloc           0%         N/A       67%         2
 Momentum Strike          Conj/Tloc      0%         3d8       67%         2
 Vampiric Draining        Necr           0%         2d6       88%         3
 Passage of Golubria      Tloc           0%         N/A       99%         4
 Curse of Agony           Necr           0%         N/A       100%        5
 Yara's Violent Unravell  Hex/Alch       0%         3d3       100%        5
 Tukima's Dance           Hex            Unusable   N/A       N/A         3
 Martyr's Knell           Necr/Summ      Unusable   N/A       N/A         4

Dungeon Overview and Level Annotations

Branches:
Dungeon (9/15)             Temple (1/1) D:4
   Lair: D:8-11         Orc: D:9-12

Altars:
Ashenzari
Cheibriados
Dithmenos
Elyvilon
Fedhas
Gozag
Hepliaklqana
Kikubaaqudgha
Okawaru
Qazlal
Ru
Sif Muna
Trog
Uskayaw
Wu Jian
Xom
Yredelemnul
Zin
The Shining One

Annotations:
D:9 Harold


Innate Abilities, Weirdness & Mutations

You can wield a second weapon in your off-hand.
It takes a long time for you to wield or remove held weapons.
Your first few attacks do less damage.
You cannot equip rings or amulets.


Message History

You shoot a sling bullet.
The sling bullet hits the kobold demonologist.
You kill the kobold demonologist!
Okawaru accepts your kill.
The orange demon disappears in a puff of smoke!
The red devil disappears in a puff of smoke!
You shoot a sling bullet.
As you read the scroll of teleportation, it crumbles to dust.
You feel strangely unstable.
Okay, then.
Fire: a) +2 sling {Lan}
Press: ? - help, Q - select action, (/) - cycle Shift-Dir - straight line, f - kobold brigand
Aim: a kobold brigand, wielding a +0 whip and quivering curare-tipped darts (64% to hit)
You shoot a sling bullet.
The sling bullet barely misses the kobold.
The sling bullet hits the kobold brigand.
The kobold brigand is lightly wounded.
You shoot a sling bullet. The sling bullet hits the kobold!
You kill the kobold!
Unknown command.
Fire: a) +2 sling {Lan}
Press: ? - help, Q - select action, (/) - cycle Shift-Dir - straight line, f/p - kobold brigand
Aim: a kobold brigand, wielding a +0 whip and quivering curare-tipped darts (lightly wounded, 64% to hit)
You shoot a sling bullet. The sling bullet barely misses Harold.
The sling bullet hits the kobold brigand.
The kobold brigand is moderately wounded.
You shoot a sling bullet. The sling bullet hits Harold!
Harold is lightly wounded.
Unknown command.
Fire: a) +2 sling {Lan}
Press: ? - help, Q - select action, (/) - cycle Shift-Dir - straight line, f - Harold
Aim: Harold, wielding a +0 flail, wearing a +0 scale mail and quivering 3 throwing nets (lightly wounded, 78% to hit)
You shoot a sling bullet. The sling bullet hits Harold.
Harold is lightly wounded.
You shoot a sling bullet. The sling bullet closely misses Harold.
Harold looks eager to get this over with.
Harold hits you with a +0 flail!!
You die...
Harold sighs, "Finally, I can get that cottage near the shore and settle down."

#.# #.##.....#
#.#
#......[.######
#..
#######.......#
### #..####.#
#..### #....#
#.##.#
#.##.##.#
#.@@.ยง..#
####K#### #.K.
###.# ..) #..
... ..


You could see Harold, a kobold brigand and a kobold.

Vanquished Creatures
  Pikel (D:5)
  2 kobold demonologists (D:9)
  Sigmund (D:6)
  A wyvern (D:8)
  4 yaks (D:8)
  Menkaure (D:7)
  An acid dragon (D:8)
  3 water moccasins
  An orc warrior (D:6)
  An ice beast (D:6)
  2 ogres
  A centaur (D:8)
  A lemure (D:5)
  2 phantoms
  4 bullfrogs
  3 scorpions
  5 wights (D:8)
  14 killer bees
  3 howler monkeys (D:7)
  A bombardier beetle (D:5)
  2 jellies
  A hound (D:5)
  3 iguanas
  7 orc priests
  2 sleepcaps
  8 orc wizards
  Ijyb (D:5)
  10 gnolls
  10 adders
  2 white imps
  2 ufetubi (D:7)
  3 dart slugs
  2 ribbon worms
  34 orcs
  12 endoplasms
  3 giant cockroaches
  14 goblins
  6 hobgoblins
  9 jackals
  6 quokkas
  2 ball pythons
  3 bats
  2 frilled lizards (D:2)
  6 kobolds
  5 rats
207 creatures vanquished.

Notes
Turn   | Place    | Note
-------+----------+-------------------------------------------
     0 | D:1      | Biggs the Coglin Hunter began the quest for the Orb.
     0 | D:1      | Reached XP level 1. HP: 16/16 MP: 1/1
    99 | D:1      | Reached skill level 4 in Ranged Weapons
    99 | D:1      | Reached XP level 2. HP: 22/22 MP: 2/2
   119 | D:1      | Found a faded altar of an unknown god.
   530 | D:1      | Reached XP level 3. HP: 27/27 MP: 3/3
   854 | D:2      | Reached skill level 5 in Ranged Weapons
   865 | D:2      | Reached XP level 4. HP: 33/33 MP: 4/4
  1611 | D:3      | Reached XP level 5. HP: 23/38 MP: 5/5
  1892 | D:3      | Noticed an ogre
  1901 | D:3      | Reached skill level 6 in Ranged Weapons
  1904 | D:3      | Killed an ogre
  1905 | D:3      | Reached XP level 6. HP: 22/44 MP: 6/6
  2139 | D:4      | Found a staircase to the Ecumenical Temple.
  2172 | Temple   | Entered the Ecumenical Temple
  2181 | Temple   | Became a worshipper of Warmaster Okawaru
  2374 | D:4      | Found an opulent altar of Gozag.
  2553 | D:4      | Reached skill level 7 in Ranged Weapons
  2760 | D:5      | Entered Level 5 of the Dungeon
  2981 | D:5      | Noticed Pikel
  3015 | D:5      | Killed Pikel
  3015 | D:5      | Reached * piety under Okawaru
  3015 | D:5      | Reached ** piety under Okawaru
  3016 | D:5      | Reached skill level 8 in Ranged Weapons
  3016 | D:5      | Reached XP level 7. HP: 13/50 MP: 7/7
  3201 | D:5      | Reached XP level 8. HP: 56/56 MP: 8/8
  3244 | D:5      | Reached skill level 9 in Ranged Weapons
  3530 | D:5      | Noticed Ijyb
  3541 | D:5      | Paralysed by Ijyb for 3 turns
  3551 | D:5      | Paralysed by Ijyb for 3 turns
  3555 | D:5      | Killed Ijyb
  4451 | D:6      | Reached skill level 5 in Evocations
  4790 | D:6      | Noticed Sigmund
  4832 | D:6      | HP: 1/58 [orc warrior/+2 heavy war axe (23)]
  5090 | D:6      | Reached *** piety under Okawaru
  5091 | D:6      | Reached XP level 9. HP: 66/66 MP: 9/9
  5135 | D:6      | Killed Sigmund
  5136 | D:6      | Reached skill level 5 in Fighting
  5303 | D:6      | Found an ornate altar of the Wu Jian Council.
  5423 | D:6      | HP: 3/68 [poisoned by a killer bee]
  6027 | D:6      | Reached skill level 5 in Dodging
  6211 | D:7      | Reached **** piety under Okawaru
  6238 | D:7      | Found a shadowy altar of Dithmenos.
  6345 | D:7      | Noticed Menkaure
  6352 | D:7      | Killed Menkaure
  6525 | D:7      | Found a glowing silver altar of Zin.
  6525 | D:7      | Found a white marble altar of Elyvilon.
  6526 | D:7      | Found a glowing golden altar of the Shining One.
  6623 | D:8      | Reached skill level 10 in Ranged Weapons
  6924 | D:8      | Reached XP level 10. HP: 57/74 MP: 10/10
  6941 | D:8      | Reached skill level 11 in Ranged Weapons
  7359 | D:8      | Found a snail-covered altar of Cheibriados.
  7886 | D:8      | Reached ***** piety under Okawaru
  8136 | D:9      | Reached skill level 12 in Ranged Weapons
  8222 | D:9      | Noticed a kobold demonologist
  8224 | D:9      | Noticed a kobold demonologist
  8227 | D:9      | Noticed Harold
  8232 | D:9      | Noticed an orange demon
  8234 | D:9      | Noticed a soul eater
  8236 | D:9      | Killed a kobold demonologist
  8243 | D:9      | Killed a kobold demonologist
  8247 | D:9      | Slain by Harold

Illustrated notes

Levels and vault maps discovered:
D:1:      dpeg_arrival_solitude, layout_basic,
          hellmonk_ecumenical_altar_run_dry, serial_park_tiny_2, minivault_11
D:2:      layout_basic, serial_bayou_pond_b, kennysheep_nondescript
D:3:      layout_basic, minmay_cupped
D:4:      layout_loops_cross, grunt_gozag_breadcrumbs, temple_statues,
          minmay_misc_feat_rugged
D:5:      layout_layer_cave, minmay_misc_feat_tower, dk_vineyard_3,
          grunt_ministairs_10, uniq_pikel, uniq_ijyb
D:6:      layout_basic, kennysheep_mini_moat, uniq_sigmund
D:7:      layout_rooms, good_gods_temple_1, lemuel_tele_altar, uniq_menkaure
D:8:      layout_loops_cross, cheibriados_altar_1
D:9:      layout_loops_cross, lemuel_crystal_altar,
          nemelex_xobeh_ov_fountains_minmay, lair_entry_dummy, uniq_harold
Temple:   nicolae_temple_ecumenical_triangle

Skill      XL: |  1  2  3  4  5  6  7  8  9 10 |
---------------+-------------------------------+-----
Ranged Weapons | 4 5 6 8 9 10 12 | 12.4
Evocations     | 5 |  5.0
Fighting       | 4 5 |  5.0
Dodging        | 5 |  5.7
Stealth        | |  0.7

Action                     |  1- 3 |  4- 6 |  7- 9 | 10-12 || total
---------------------------+-------+-------+-------+-------++-------
   Fire: Sling             |   132 |   354 |   714 |   344 ||  1544
  Evoke: Wand              |       |     1 |     1 |       ||     2
    Use: Scroll            |       |     4 |     6 |     2 ||    12
         Potion            |       |       |     2 |       ||     2
 Armour: Leather armour    |    12 |    32 |   109 |    13 ||   166
         Acid dragon scale |       |       |       |    46 ||    46
  Dodge: Dodged            |     9 |    25 |    86 |    67 ||   187

Table legend: (Time is in decaauts)
 A = Elapsed time spent in this place.
 B = Non-inter-level travel time spent in this place.
 C = Inter-level travel time spent in this place.
 D = Time resting spent in this place.
 E = Time spent auto-exploring this place.
 F = Levels seen in this place.
 G = Mean time per level.
                   A        B        C        D        E       F      G
               +--------+--------+--------+--------+--------+-----+--------+
         Total |   8253 |   7975 |    278 |    228 |   6480 |  10 |  825.3 |
       Dungeon |   8238 |   7972 |    266 |    228 |   6480 |   9 |  915.3 |
        Temple |     14 |      2 |     12 |      0 |      0 |   1 |   14.0 |
               +--------+--------+--------+--------+--------+-----+--------+

Top non-repeatable levels by time:
     D:6: 1701 daAuts
     D:5: 1636 daAuts
     D:8: 1274 daAuts
     D:3: 788 daAuts
     D:7: 688 daAuts
     D:1: 687 daAuts
     D:2: 653 daAuts
     D:4: 651 daAuts
     D:9: 156 daAuts
  Temple: 14 daAuts
